 Dungeon Crawl Stone Soup version 0.22-a0-866-geee5034 (webtiles) character file.

42 iamserjio the Chiller (level 3, 0/24 HPs)
             Began as a Barachi Ice Elementalist on July 28, 2018.
             Slain by an ooze (3 damage)
             ... on level 1 of the Dungeon.
             The game lasted 00:03:11 (392 turns).

iamserjio the Chiller (Barachi Ice Elementalist)     Turns: 392, Time: 00:03:12

Health: 0/24       AC:  2    Str:  9    XL:     3   Next: 54%
Magic:  0/7        EV: 12    Int: 10    God:
Gold:   55         SH:  0    Dex: 12    Spells: 6/7 levels left

rFire    . . .     SeeInvis .   d - +0 club
rCold    . . .     Gourm    .   (no shield)
rNeg     . . .     Faith    .   a - +0 robe
rPois    .         Spirit   .   (no helmet)
rElec    .         Reflect  .   (no cloak)
rCorr    .         Harm     .   (no gloves)
MR       .....                  (no boots)
Stlth    ++........             (no amulet)
HPRegen  0.08/turn              b - -6 ring of intelligence (curse)
MPRegen  0.10/turn              (no ring)

@: slow
A: +LOS, swims, slowness 1, strong legs 1
a: Hop


You were on level 1 of the Dungeon.
You were not hungry.

You visited 1 branch of the dungeon, and saw 2 of its levels.

You collected 55 gold pieces.

Inventory:

Hand Weapons
 d - a +0 club (weapon)
Missiles
 f - 16 arrows
 h - 23 sling bullets
 i - 3 curare-tipped needles {!f}
Armour
 a - a +0 robe (worn)
Jewellery
 b - a cursed -6 ring of intelligence (left hand)
Potions
 e - a potion of mutation
Comestibles
 c - 2 rations


   Skills:
 - Level 2.1 Dodging
 - Level 1.7 Stealth
 + Level 2.8 Spellcasting
   Level 1.1 Conjurations
 * Level 4.9 Ice Magic


You had 6 spell levels left.
You knew the following spells:

 Your Spells              Type           Power        Failure   Level  Hunger
a - Freeze                Ice            ##..         3%          1    ##.....

Your spell library contained the following spells:

 Spells                   Type           Power        Failure   Level  Hunger
 Throw Frost              Conj/Ice       #.....       13%         2    ###....
 Summon Ice Beast         Ice/Summ       #.......     71%         4    #####..
 Ozocubu's Armour         Chrm/Ice       #.......     30%         3    ####...
 Throw Icicle             Conj/Ice       #.......     63%         4    #####..


Dungeon Overview and Level Annotations

Branches:
Dungeon (2/15)

Altars:

Annotations:
D:2 Robin


Innate Abilities, Weirdness & Mutations

Shadows flee at your approach. (+LOS)
You can swim through water.
You cover ground slowly.
You can hop short distances.


Message History

An ooze comes into view.
The ooze quivers.
Casting: Freeze (safe; 3% risk of failure)
Confirm with . or Enter, or press ? or * to list all spells.
Aiming: Freeze (safe; 3% risk of failure)
Press: ? - help, Shift-Dir - straight line, f - ooze
Aim: an ooze You freeze the ooze.
The ooze is heavily wounded.
The ooze hits you.
* * * LOW HITPOINT WARNING * * *
Casting: Freeze (safe; 3% risk of failure)
Confirm with . or Enter, or press ? or * to list all spells.
Aiming: Freeze (safe; 3% risk of failure)
Press: ? - help, Shift-Dir - straight line, f/p - ooze
Aim: an ooze (heavily wounded)
You freeze the ooze.
The ooze is severely wounded.
The ooze hits you.
You die...

#######
###############......
#.......>.....#.#####
#.##...).............
#.#^........###.###.#
#.#..######## #.# #.#
#...........###.# #..
#######....#####......# #..
###.........@..(....##..#
#..
...........J######.##..###..
#.####.....# #.##.......
#..........# #.##..###.#
#.......>..# ##.##..# ##.
#....†.....#####.#.#..# ##
#.....).†..†....###...# #
#.........#####..#.#)## #
#.#.##...## ##.#.##.# #


You could see an ooze.

Vanquished Creatures
  An adder (D:2)
  3 dart slugs (D:1)
  2 giant cockroaches (D:1)
  4 goblins
  3 hobgoblins (D:1)
  6 bats
  4 frilled lizards
  A kobold (D:1)
  5 rats
29 creatures vanquished.

Notes
Turn   | Place    | Note
-------+----------+-------------------------------------------
     0 | D:1      | iamserjio the Barachi Ice Elementalist began the quest for the Orb.
     0 | D:1      | Reached XP level 1. HP: 13/13 MP: 3/3
    99 | D:1      | Reached skill level 4 in Ice Magic
    99 | D:1      | Reached XP level 2. HP: 8/19 MP: 1/5
   298 | D:1      | Reached XP level 3. HP: 24/24 MP: 3/6
   377 | D:2      | Noticed Robin
   392 | D:1      | Slain by an ooze

Vault maps used:
D:1:      lightli_arrival_statuegarden
D:2:      chequers_ecumenical_altar_lobes, uniq_natasha, uniq_robin

Skill      XL: |  1 |
---------------+----+-----
Ice Magic      | 4 |  4.9
Dodging        | |  2.1
Stealth        | |  1.7
Spellcasting   | |  2.8
Conjurations   | |  1.1

Action                   || total
-------------------------++-------
Melee: Club              ||    22
       Unarmed           ||     1
 Cast: Freeze            ||    36
  Use: Scroll            ||     1
 Stab: Sleeping          ||     2
Armor: Robe              ||    26
Dodge: Dodged            ||    44

Table legend:
 A = Spawn XP
 B = Non-spawn XP
 C = Spawn XP percentage of total XP
 D = Spawn monster count
 E = Non-spawn monster count
 F = Spawn count percentage of total count
 G = Total turns spent on level
                    A         B        C        D         E        F      G
               +---------+---------+-------+---------+---------+-------+---------
         Total |       0 |      60 |   0.0 |       0 |      29 |   0.0 |   392
               +---------+---------+-------+---------+---------+-------+---------
           D:1 |       0 |      39 |   0.0 |       0 |      21 |   0.0 |   356
           D:2 |       0 |      21 |   0.0 |       0 |       8 |   0.0 |    36
               +---------+---------+-------+---------+---------+-------+---------
